 Dungeon Crawl Stone Soup version 0.29.1-13-g9f3cf754e1 (webtiles) character file.

Game seed: 10924269053103271265

179 tizbic2 the Trooper (level 5, -5/55 HPs)
             Began as an Ogre Monk on Feb 6, 2023.
             Slain by Dowan
             ... wielding a +0 dagger
              (7 damage)
             ... on level 4 of the Dungeon.
             The game lasted 00:10:47 (2735 turns).

tizbic2 the Trooper (Ogre Monk)                     Turns: 2735, Time: 00:10:48

Health: -5/55      AC:  3    Str: 15    XL:     5   Next: 59%
Magic:  9/9        EV: 10    Int: 13    God:
Gold:   170        SH:  0    Dex: 11    Spells: 10/10 levels left

rFire   . . .      SeeInvis .   o - +2 whip (distort)
rCold   . . .      Faith    .   (no shield)
rNeg    . . .      Spirit   .   b - +0 robe
rPois   .          Reflect  .   (helmet restricted)
rElec   .          Harm     .   (no cloak)
rCorr   .          Rampage  .   (gloves unavailable)
Will    .....                   (boots unavailable)
Stlth   ++........              (no amulet)
HPRegen 0.18/turn               (no ring)
MPRegen 0.11/turn               (no ring)

@: no status effects
A: large, unfitting armour, tough skin 1
a: no special abilities


You were on level 4 of the Dungeon.
You visited 1 branch of the dungeon, and saw 4 of its levels.

You collected 170 gold pieces.

Inventory:

Hand Weapons
 a - a +0 mace
 d - a +0 sling
 n - a +0 hand axe
 o - a +2 whip of distortion (weapon)
Missiles
 m - 26 stones
Armour
 b - a +0 robe (worn)
Magical Staves
 e - a staff of earth
Scrolls
 g - 4 scrolls of amnesia
 h - a scroll of magic mapping {unknown}
 l - a scroll of enchant armour {unknown}
 p - a scroll of identify
Potions
 f - a potion of invisibility {unknown}
 i - 3 potions of brilliance
 k - a potion of attraction {unknown}
 q - a potion of might {unknown}
 r - a potion of heal wounds {unknown}


   Skills:
 + Level 4.9 Fighting
 + Level 3.3(3.5) Maces & Flails
 + Level 1.3(2.7) Staves
 - Level 2.6 Dodging
 - Level 1.4 Stealth
 * Level 3.1 Spellcasting
 + Level 1.0 Summonings
 + Level 1.0 Evocations


You had 10 spell levels left.
You didn't know any spells.
Your spell library contained the following spells:

 Spells                   Type           Power      Damage    Failure   Level
 Summon Guardian Golem    Hex/Summ       3%         N/A       50%         3
 Summon Forest            Summ/Tloc      1%         N/A       99%         5
 Summon Mana Viper        Hex/Summ       3%         N/A       99%         5
 Summon Cactus Giant      Summ           2%         N/A       100%        6
 Orb of Destruction       Conj           1%         9d5       100%        7
 Spellforged Servitor     Conj/Summ      1%         N/A       100%        7


Dungeon Overview and Level Annotations

Branches:
Dungeon (4/15)
 Temple: D:4-7

Altars:
Dithmenos

Annotations:
D:4 Dowan
Abyss:1 Duvessa


Innate Abilities, Weirdness & Mutations

You are too large for most types of armour.
You have tough skin. (AC +1)


Message History

Dowan is lightly wounded.
Dowan barely misses you.
You hit Dowan.
Dowan is moderately wounded.
Dowan mumbles some strange words.
Dowan blinks!
Dowan casts a spell.
Dowan blinks!
Dowan casts a spell.
Dowan blinks!
Dowan hits you with a +0 dagger.
You hit Dowan.
Dowan is heavily wounded.
Dowan blinks!
Dowan gestures at you while chanting. The stone arrow hits you.
Dowan hits you with a +0 dagger.
You barely miss Dowan.
Dowan is heavily wounded.
Dowan hits you with a +0 dagger. x2
You closely miss Dowan.
Dowan is heavily wounded.
Dowan says, "She won't be lost forever!"
Dowan points at you and mumbles some strange words.
The shard of ice misses you.
You closely miss Dowan.
Dowan is heavily wounded.
Dowan gestures wildly while chanting.
Dowan blinks!
Dowan hits you with a +0 dagger.
* * * LOW HITPOINT WARNING * * *
You closely miss Dowan.
Dowan is heavily wounded.
Dowan points at you and mumbles some strange words.
The stone arrow hits you!
* * * LOW HITPOINT WARNING * * *
You closely miss Dowan.
Dowan is heavily wounded.
Dowan hits you with a +0 dagger!
You die...

#.# #+ #.# #.##
#.# #... #.#
###...### #.#
#.......# #.#
......ยงยง# #.#
#.......########.#
#...e@.....#
#.########## ...#
#####


You could see Dowan (fast).

Vanquished Creatures
  A gnoll (D:3)
  A worm (D:3)
  A dart slug (D:2)
  7 orcs (D:3)
  4 ball pythons
  5 endoplasms
  3 giant cockroaches
  2 goblins
  5 hobgoblins
  4 jackals (D:3)
  8 bats
  4 kobolds
  4 rats
49 creatures vanquished.

Vanquished Creatures (others)
  9 plants (D:1)
9 creatures vanquished.

Grand Total: 58 creatures vanquished

Notes
Turn   | Place    | Note
-------+----------+-------------------------------------------
     0 | D:1      | tizbic2 the Ogre Monk began the quest for the Orb.
     0 | D:1      | Reached XP level 1. HP: 24/24 MP: 1/1
    99 | D:1      | Reached skill level 1 in Spellcasting
   111 | D:1      | Reached XP level 2. HP: 32/32 MP: 3/3
   777 | D:2      | Reached XP level 3. HP: 40/40 MP: 5/5
  1223 | D:2      | Found a shadowy altar of Dithmenos.
  1703 | D:3      | Found a faded altar of an unknown god.
  1712 | D:3      | Reached XP level 4. HP: 49/49 MP: 7/7
  2694 | D:4      | Noticed Duvessa
  2703 | D:4      | Banished Duvessa
  2704 | D:4      | Reached skill level 1 in Staves
  2704 | D:4      | Reached skill level 1 in Summonings
  2704 | D:4      | Reached skill level 1 in Evocations
  2704 | D:4      | Reached XP level 5. HP: 26/55 MP: 7/9
  2704 | D:4      | Noticed Dowan
  2734 | D:4      | HP: 2/55 [Dowan/stone arrow (13)]
  2735 | D:4      | Slain by Dowan

Illustrated notes

Levels and vault maps discovered:
D:1:      minmay_arrival_four_loops, layout_rooms, wad_woods_river_04
D:2:      layout_loops_ring, basic_altar
D:3:      minmay_spotlight, layout_loops_ring,
          chequers_ecumenical_altar_simple_redux
D:4:      lemuel_castle_with_subvaults [lemuel_castle_interior_carwin_1],
          layout_loops_corners, grunt_qazlal_sundering,
          nicolae_yredelemnul_ghost_church, uniq_edmund, uniq_grinder,
          uniq_crazy_yiuf_cottage, uniq_duvessa

Skill      XL: |  1  2  3  4 |
---------------+-------------+-----
Spellcasting   | 1 2 3 |  3.1
Maces & Flails | 3 |  3.3
Staves         | 1 |  1.3
Summonings     | 1 |  1.0
Evocations     | 1 |  1.0
Fighting       | |  4.9
Dodging        | |  2.6
Stealth        | |  1.4

Action                   |  1- 3 |  4- 6 || total
-------------------------+-------+-------++-------
Melee: Mace              |   107 |    19 ||   126
       Punch             |     3 |     2 ||     5
       Staff             |    42 |    33 ||    75
       Whip              |       |    16 ||    16
 Fire: Sling             |    75 |    10 ||    85
Throw: Stone             |     1 |       ||     1
  Use: Scroll            |     4 |       ||     4
       Potion            |       |     2 ||     2
 Stab: Sleeping          |     1 |       ||     1
Armor: Robe              |    83 |     7 ||    90
Dodge: Dodged            |   113 |    38 ||   151
